 Dungeon Crawl Stone Soup version 0.26-a0-661-g406de6ba63 (console) character file.

Game seed: 156743508729146018

2025 om the Cleaver (level 9, -2/75 HPs)
             Began as a Deep Dwarf Fighter on Oct 8, 2020.
             Was a Follower of Makhleb.
             Slain by an orc warrior
             ... wielding a +0 scimitar
              (14 damage)
             ... on level 8 of the Dungeon.
             The game lasted 00:10:40 (5466 turns).

om the Cleaver (Deep Dwarf Fighter)                 Turns: 5466, Time: 00:10:41

Health: -2/75      AC: 13    Str: 21    XL:     9   Next: 3%
Magic:  11/11      EV:  7    Int: 10    God:    Makhleb [*.....]
Gold:   480        SH:  9    Dex: 13    Spells: 8/8 levels left

rFire    . . .     SeeInvis +   a - +1 war axe
rCold    . . .     Faith    .   c - +0 kite shield
rNeg     . . .     Spirit   .   k - +0 plate armour
rPois    .         Reflect  .   (no helmet)
rElec    .         Harm     .   d - +0 cloak
rCorr    .         Rampage  .   (no gloves)
MR       +....                  (no boots)
Stlth    ..........             x - amulet of the acrobat
HPRegen  0.00/turn              s - ring of see invisible
MPRegen  0.12/turn              (no ring)

@: non-regenerating
A: damage resistance, heal wounds, sense surroundings 2, no regeneration
a: Heal Wounds, Renounce Religion


You were on level 8 of the Dungeon.
You worshipped Makhleb.
Makhleb was aware of your devotion.
You visited 2 branches of the dungeon, and saw 9 of its levels.

You collected 480 gold pieces.

Inventory:

Hand Weapons
 a - a +1 war axe (weapon)
Armour
 c - a +0 kite shield (worn)
 d - a +0 cloak (worn)
 k - a +0 plate armour (worn)
Jewellery
 s - a ring of see invisible (left hand)
 x - an amulet of the acrobat (around neck)
Wands
 m - a wand of random effects (18)
 r - a wand of flame (30)
 w - a wand of acid (14)
Scrolls
 b - a scroll of acquirement {unknown}
 f - a scroll of blinking
 g - 5 scrolls of enchant armour
 h - 9 scrolls of teleportation
 i - 3 scrolls of enchant weapon
 j - a scroll of fear
 o - 2 scrolls of fog {unknown}
 t - 2 scrolls of immolation {unknown}
 u - 3 scrolls of remove curse
 y - a scroll of identify
Potions
 e - 3 potions of heal wounds
 l - a potion of flight {unknown}
 n - 2 potions of curing
 p - 2 potions of might
 q - 3 potions of lignification
 v - a potion of invisibility {unknown}
 z - a potion of mutation


   Skills:
 - Level 3.0 Fighting
 + Level 8.7 Axes
 - Level 6.0 Armour
 - Level 6.0 Dodging
 - Level 4.0 Shields
 - Level 6.0 Invocations


You had 8 spell levels left.
You didn't know any spells.
Your spell library contained the following spells:

 Spells                   Type           Power        Failure   Level
 Beastly Appendage        Tmut           #.....       100%        1
 Corona                   Hex            #......      100%        1
 Magic Dart               Conj           #...         100%        1
 Ensorcelled Hibernation  Hex/Ice        #.....       100%        2
 Searing Ray              Conj           #.....       100%        2
 Wereblood                Tmut           #.......     100%        2
 Confusing Touch          Hex            #.......     100%        3
 Dazzling Flash           Conj/Hex       #.....       100%        3
 Spider Form              Tmut/Pois      #.........   100%        3
 Tukima's Dance           Hex            #.......     100%        3
 Fulminant Prism          Conj/Hex       #.........   100%        4
 Ice Form                 Ice/Tmut       #.......     100%        4
 Iskenderun's Mystic Bla  Conj/Tloc      #.......     100%        4
 Blade Hands              Tmut           #.........   100%        5


Dungeon Overview and Level Annotations

Branches:
Dungeon (8/15)             Temple (1/1) D:6
   Lair: D:8-11

Altars:
Ashenzari
Cheibriados
Dithmenos
Elyvilon
Fedhas
Gozag
Kikubaaqudgha
Makhleb
Nemelex Xobeh
Okawaru
Ru
Sif Muna
Uskayaw
Wu Jian
Xom
Zin
The Shining One
Beogh

Annotations:
D:3 3 runed translucent doors, kmckee's ghost, amateur HOFi
D:6 2 transporters


Innate Abilities, Weirdness & Mutations

You are resistant to damage.
You can heal yourself by infusing magical energy.
You passively map the area around you.
You do not regenerate.


Message History

You barely miss the orc warrior.
The orc warrior is moderately wounded.
You block the orc warrior's attack.
You closely miss the orc warrior.
The orc warrior is moderately wounded.
You block the orc warrior's attack.
You closely miss the orc warrior.
The orc warrior is moderately wounded.
The orc warrior hits you with a +0 scimitar.
You hit the orc warrior.
The orc warrior is moderately wounded.
You block the orc warrior's attack.
You hit the orc warrior but do no damage.
The orc warrior is moderately wounded.
The orc warrior hits you with a +0 scimitar!
* * * LOW HITPOINT WARNING * * *
You closely miss the orc warrior.
The orc warrior is moderately wounded.
The orc warrior hits you with a +0 scimitar!
You die...

..........................#
..."########...#..........#
...## # * ##.##..........#
........ #..##..........#
...#####. #..#...#########
..## #..##..#.### ..., *
*#...(...# .### ###...###
..# , #....########## ..##
#....#....(......#
...#.#..## ##.#.@o.....#
.....#. , #.#))).....#
..#... * #.##.......#
..#... *#.###..#####
....##* ... .## .....# *,,
... ,## ..##.. , .. ..# *.
, , ,, ...... .##### ,, ,
.# * ,,,


You could see an orc warrior.

Vanquished Creatures
  Sigmund (D:2)
  A water moccasin (D:7)
  A black bear (D:8)
  A necrophage (D:6)
  3 ogres
  2 centaurs
  A phantom (D:7)
  A big kobold (D:7)
  A scorpion (D:8)
  6 wights
  A howler monkey (D:7)
  A bullfrog zombie (D:6)
  2 hounds
  An orc priest (D:8)
  3 jellies
  An orc wizard (D:8)
  5 worker ants
  A centaur skeleton (D:4)
  A killer bee zombie (D:7)
  A hound zombie (D:6)
  A howler monkey skeleton (D:6)
  10 adders
  3 shadow imps
  2 white imps (D:6)
  An ufetubus (D:5)
  An adder skeleton (D:4)
  An adder zombie (D:8)
  3 worms
  A dart slug (D:3)
  8 leopard geckos
  14 orcs
  3 ball pythons
  10 bats
  6 giant cockroaches
  5 goblins
  8 hobgoblins
  2 jackals (D:3)
  12 kobolds
  2 quokkas
  9 frilled lizards
  2 jackal zombies
  4 rats
143 creatures vanquished.

Notes
Turn   | Place    | Note
-------+----------+-------------------------------------------
     0 | D:1      | om the Deep Dwarf Fighter began the quest for the Orb.
     0 | D:1      | Reached XP level 1. HP: 20/20 MP: 1/1
    68 | D:1      | Reached XP level 2. HP: 21/27 MP: 2/2
   313 | D:1      | You fall into a shaft and drop 1 floor!
   322 | D:2      | Reached skill level 3 in Axes
   322 | D:2      | Reached XP level 3. HP: 21/33 MP: 3/3
   537 | D:2      | Noticed Sigmund
   735 | D:2      | Found an opulent altar of Gozag.
   791 | D:2      | Found a blossoming altar of Fedhas.
   813 | D:2      | Killed Sigmund
   813 | D:2      | Reached skill level 5 in Axes
   813 | D:2      | Reached skill level 1 in Dodging
   813 | D:2      | Reached XP level 4. HP: 39/42 MP: 4/4
   813 | D:2      | Reached XP level 5. HP: 46/49 MP: 5/5
  1202 | D:3      | Found a runed translucent gate.
  1202 | D:3      | Identified the +6 hand axe of Ziewno {flame, Int+3}
  1202 | D:3      | Noticed kmckee's ghost (amateur HOFi)
  1662 | D:3      | Found a runed translucent gate.
  1662 | D:3      | Found a runed translucent gate.
  1664 | D:3      | Found a roughly hewn altar of Beogh.
  1758 | D:4      | Reached XP level 6. HP: 43/56 MP: 6/6
  1934 | D:4      | Reached skill level 5 in Armour
  2129 | D:4      | Reached XP level 7. HP: 8/62 MP: 7/7
  2695 | D:5      | Entered Level 5 of the Dungeon
  2863 | D:5      | Reached skill level 5 in Dodging
  3547 | D:6      | Found a transporter.
  3565 | D:6      | Noticed a kobold demonologist
  3680 | D:6      | Reached skill level 6 in Axes
  3680 | D:6      | Reached XP level 8. HP: 54/68 MP: 8/8
  3780 | D:6      | Found a white marble altar of Elyvilon.
  3800 | D:6      | Found a transporter.
  3845 | D:6      | Found a staircase to the Ecumenical Temple.
  3854 | Temple   | Entered the Ecumenical Temple
  3901 | Temple   | Became a worshipper of Makhleb the Destroyer
  4017 | D:6      | Reached skill level 1 in Invocations
  4059 | D:6      | Found an ornate altar of the Wu Jian Council.
  4355 | D:7      | Found a shadowy altar of Dithmenos.
  4661 | D:7      | Reached skill level 7 in Axes
  4674 | D:7      | Reached skill level 5 in Invocations
  5265 | D:8      | Reached skill level 8 in Axes
  5331 | D:8      | Reached * piety under Makhleb
  5331 | D:8      | Gained mutation: You passively map the area around you.
                  | [Deep Dwarf growth]
  5331 | D:8      | Reached XP level 9. HP: 37/75 MP: 11/11
  5466 | D:8      | Slain by an orc warrior

Illustrated notes

Levels and vault maps discovered:
D:1:      lemuel_arrival_room, layout_basic
D:2:      layout_rooms, nicolae_overflow_crystal_walls, fedhas_altar_2,
          uniq_sigmund
D:3:      layout_loops_ring, biasface_ghost_orc_armoury
D:4:      layout_loops_cross, grunt_decor_cap, serial_park_tiny_2,
          minmay_diced_spiral
D:5:      layout_rooms, lemuel_another_geyser
D:6:      gammafunk_wand_slinger, layout_loops_ring, lemuel_crystal_altar,
          overflow_temple_1_default, minmay_temple_entry_statues
D:7:      layout_basic, grunt_dithmenos_shadows
D:8:      layout_rooms, minitemple
Temple:   cyrus_circular_temple

Skill      XL: |  1  2  3  4  5  6  7  8 |
---------------+-------------------------+-----
Axes           | 3 5 6 8 |  8.7
Fighting       | 3 |  3.0
Armour         | 4 5 6 |  6.0
Shields        | 4 |  4.0
Dodging        | 1 2 3 6 |  6.0
Invocations    | 6 |  6.0

Action                   |  1- 3 |  4- 6 |  7- 9 || total
-------------------------+-------+-------+-------++-------
Melee: War axe           |    83 |   131 |   308 ||   522
 Abil: Heal Wounds       |     1 |       |     6 ||     7
  Use: Scroll            |     3 |     4 |     6 ||    13
       Potion            |     1 |     2 |     3 ||     6
Armor: Scale mail        |    56 |    57 |    53 ||   166
       Plate armour      |       |       |    82 ||    82
Dodge: Dodged            |    34 |    42 |    88 ||   164
Block: Kite shield       |    43 |    72 |   151 ||   266

Table legend: (Time is in decaauts)
 A = Elapsed time spent in this place.
 B = Non-inter-level travel time spent in this place.
 C = Inter-level travel time spent in this place.
 D = Time resting spent in this place.
 E = Time spent auto-exploring this place.
 F = Levels seen in this place.
 G = Mean time per level.
                   A        B        C        D        E       F      G
               +--------+--------+--------+--------+--------+-----+--------+
         Total |   5630 |   5292 |    338 |    774 |   3162 |   9 |  625.6 |
       Dungeon |   5571 |   5246 |    325 |    774 |   3118 |   8 |  696.4 |
        Temple |     58 |     45 |     13 |      0 |     44 |   1 |   58.0 |
               +--------+--------+--------+--------+--------+-----+--------+

Top non-repeatable levels by time:
     D:4: 1034 daAuts
     D:7: 945 daAuts
     D:5: 810 daAuts
     D:3: 764 daAuts
     D:6: 664 daAuts
     D:1: 604 daAuts
     D:2: 423 daAuts
     D:8: 324 daAuts
  Temple: 58 daAuts
